 Dungeon Sprint DCSS version 0.30.1-11-g7821555f0a (webtiles) character file.

Game seed: 13600516120643854278

10131 Heoruswealwe the Phalangite (level 11, -13/117 HPs)
             Began as a Minotaur Fighter on Dec 3, 2023.
             Was an Initiate of Gozag.
             Mangled by an orc knight
             ... wielding a +0 great mace
              (33 damage)
             ... in the Dungeon (Sprint IX: "|||||||||||||||||||||||||||||").
             The game lasted 00:10:58 (1278 turns).

Heoruswealwe the Phalangite (Minotaur Fighter)      Turns: 1278, Time: 00:10:59

Health: -13/117    AC: 30    Str: 25    XL:     11   Next: 32%
Magic:  10/10      EV: 10    Int:  5    God:    Gozag
Gold:   4786       SH:  0    Dex: 10    Spells: 10/10 levels left

rFire   . . .        b - +2 halberd (protect)
rCold   . . .        (shield currently unavailable)
rNeg    . . .        c - +0 plate armour
rPois   .            (helmet restricted)
rElec   .            h - +0 cloak
rCorr   .            f - +0 pair of gloves
SInv    .            e - +0 pair of boots
Will    .....        (no amulet) Stlth
                     k - +2 ring of evasion
HPRegen 0.39/turn    (no ring)
MPRegen 0.12/turn

%: no teleportation
@: gold aura, under a protective aura
A: horns 2, retaliatory headbutt
a: Renounce Religion, Potion Petition, Call Merchant, Bribe Branch


You were in the Dungeon.
You worshipped Gozag.
Gozag was most pleased with you.
You visited 1 branch You collected 4786 gold pieces.

Inventory:

Hand Weapons
 a - a +0 trident
 b - a +2 halberd of protection (weapon)
 o - a +0 glaive
Armour
 c - a +0 plate armour (worn)
 d - a +0 buckler
 e - a +0 pair of boots (worn)
 f - a +0 pair of gloves (worn)
 h - a +0 cloak (worn)
Jewellery
 k - a +2 ring of evasion (left hand)
Wands
 r - a wand of roots (10)
 s - a wand of quicksilver (6)
Scrolls
 j - 4 scrolls of blinking
 p - a scroll of enchant weapon
 q - a scroll of identify
Potions
 g - a potion of haste
 i - a potion of berserk rage
 n - 3 potions of might


   Skills:
 + Level 17.1 Fighting
 * Level 22.9 Polearms
 + Level 17.1 Armour
 - Level 3.6 Shields


You had 10 spell levels left.
You didn't know any spells.
Your spell library was empty.

Dungeon Overview and Level Annotations

Branches:
Dungeon (1/1)

Altars:
Cheibriados
Dithmenos
Elyvilon
Fedhas
Gozag
Hepliaklqana
Kikubaaqudgha
Makhleb
Nemelex Xobeh
Okawaru
Qazlal
Ru
Sif Muna
Trog
Uskayaw
Vehumet
Wu Jian
Xom
Yredelemnul
Zin
The Shining One
Jiyva
Lugonu


Innate Abilities, Weirdness & Mutations

You have a pair of horns on your head.
You reflexively headbutt those who attack you in melee.


Message History

You impale the orc warrior!! Your headbutt misses the orc warrior.
The orc warrior is almost dead.
The orc warrior is distracted by your dazzling golden aura. x2
The orc warrior shouts! x2
You slash the orc warrior!
You kill the orc warrior!
You feel better.
Reach: b) +2 halberd (protect)
Press: ? - help, Dir - move target, f - orc warrior
Aim: an orc warrior, wielding a +0 dire flail and wearing a +0 chain mail (strong, about 30% to evade your +2 halberd of protection)
You reach to attack!
You hit the orc warrior.
The orc warrior is no longer distracted by gold.
The orc warrior is moderately wounded.
You hit the orc warrior.
The orc warrior is heavily wounded.
The orc priest mumbles some strange prayers to Beogh against you.
Beogh smites you!
* * * LOW HITPOINT WARNING * * *
The orc warrior hits you with a +0 dire flail.
* * * LOW HITPOINT WARNING * * *
You barely miss the orc warrior. You headbutt the orc warrior!
The orc warrior is severely wounded.
You slice the orc warrior!!
You kill the orc warrior!
You puncture the orc!
You kill the orc!
The orc knight roars a battlecry!
The orc knight goes into a battle-frenzy!
You impale the orc knight!!
The orc knight is heavily wounded.
You slice the orc knight!! You headbutt the orc knight!
The orc knight is almost dead.
The orc knight closely misses you. You furiously retaliate!
You headbutt the orc knight, but do no damage.
You closely miss the orc knight.
You headbutt the orc knight, but do no damage.
The orc knight is almost dead.
The orc knight hits you with a +0 great mace!!
You die...
Your body crumbles into a pile of gold.

[=)?!'________________________'..
▓▓▓▓▓▓▓▓▓▓▓▓▓▓▓▓▓▓▓▓▓▓▓▓▓▓▓▓▓▓▓▓▓
.................................
▓▓▓▓▓▓▓▓▓▓▓▓▓▓▓▓▓▓▓▓▓▓▓▓▓▓▓▓▓▓▓▓▓
.....'.........'.........'...??.)
▓▓▓▓▓▓▓▓▓▓▓▓▓▓▓▓▓▓▓▓▓▓▓▓▓▓▓▓▓▓▓▓▓
.................................
▓▓▓▓▓▓▓▓▓▓▓▓▓▓▓▓▓▓▓▓▓▓▓▓▓▓▓▓▓▓▓▓▓


$$$$$ $$....ooo@$$$.....))))).)[ ▓▓▓▓▓▓▓▓▓▓▓▓▓▓▓▓▓▓▓▓▓▓▓▓ You could see 2 orc
knights and an orc priest (strong).

Vanquished Creatures
  A centaur warrior (D)
  A boulder beetle (D)
  A tengu warrior (D)
  A skyshark (D)
  3 orc knights (D)
  An ugly thing (D)
  Maurice (D)
  4 cane toads (D)
  2 rime drakes (D)
  2 komodo dragons (D)
  A troll (D)
  A wraith (D)
  2 yaks (D)
  Eustachio (D)
  3 wargs (D)
  A hell hound (D)
  7 water moccasins (D)
  9 orc warriors (D)
  A black bear (D)
  5 wolves (D)
  A centaur (D)
  2 phantoms (D)
  A wight (D)
  3 orc priests (D)
  An iguana (D)
  An orc wizard (D)
  A gnoll (D)
  9 orcs (D)
  A goblin (D)
  2 kobolds (D)
  A rat (D)
71 creatures vanquished.

Vanquished Creatures (others)
  An unseen horror (D)
1 creature vanquished.

Grand Total: 72 creatures vanquished

Notes
Turn   | Place    | Note
-------+----------+-------------------------------------------
     0 | D        | Heoruswealwe the Minotaur Fighter began the quest for the
                  | Orb.
     0 | D        | Reached XP level 1. HP: 19/19 MP: 0/0
     9 | D        | Reached skill level 3 in Polearms
    16 | D        | Reached skill level 4 in Polearms
    16 | D        | Reached XP level 2. HP: 28/28 MP: 1/1
    22 | D        | Noticed a black bear
    22 | D        | Noticed a phantom
    22 | D        | Noticed a phantom
    28 | D        | Reached skill level 5 in Fighting
    28 | D        | Reached skill level 6 in Polearms
    28 | D        | Reached skill level 5 in Armour
    28 | D        | Reached XP level 3. HP: 36/36 MP: 2/2
    32 | D        | Killed a phantom
    33 | D        | Reached skill level 8 in Polearms
    33 | D        | Reached XP level 4. HP: 44/45 MP: 3/3
    47 | D        | Killed a phantom
    48 | D        | Reached skill level 9 in Polearms
    48 | D        | Reached XP level 5. HP: 50/52 MP: 4/4
    54 | D        | Killed a black bear
    55 | D        | Reached skill level 10 in Polearms
    55 | D        | Reached XP level 6. HP: 43/62 MP: 5/5
   117 | D        | Found a snail-covered altar of Cheibriados.
   117 | D        | Found a shadowy altar of Dithmenos.
   117 | D        | Found a white marble altar of Elyvilon.
   117 | D        | Found a blossoming altar of Fedhas.
   117 | D        | Found an opulent altar of Gozag.
   118 | D        | Found a hazy altar of Hepliaklqana.
   119 | D        | Found a viscous altar of Jiyva.
   120 | D        | Found an ancient bone altar of Kikubaaqudgha.
   121 | D        | Found a corrupted altar of Lugonu.
   122 | D        | Found a burning altar of Makhleb.
   123 | D        | Found a sparkling altar of Nemelex Xobeh.
   124 | D        | Found an iron altar of Okawaru.
   125 | D        | Became a worshipper of Gozag Ym Sagoz the Greedy
   126 | D        | Found a stormy altar of Qazlal.
   127 | D        | Found a sacrificial altar of Ru.
   128 | D        | Found a shimmering blue altar of Sif Muna.
   129 | D        | Found a bloodstained altar of Trog.
   130 | D        | Found a hide-covered altar of Uskayaw.
   131 | D        | Found a radiant altar of Vehumet.
   132 | D        | Found an ornate altar of the Wu Jian Council.
   133 | D        | Found a shimmering altar of Xom.
   134 | D        | Found a basalt altar of Yredelemnul.
   135 | D        | Found a glowing silver altar of Zin.
   136 | D        | Found a glowing golden altar of the Shining One.
   192 | D        | Noticed an orc warrior
   192 | D        | Noticed a troll
   192 | D        | Noticed an orc warrior
   192 | D        | Noticed a yak
   195 | D        | Killed a yak
   196 | D        | Reached skill level 12 in Polearms
   203 | D        | Killed an orc warrior
   204 | D        | Reached skill level 10 in Fighting
   204 | D        | Reached skill level 13 in Polearms
   204 | D        | Reached skill level 10 in Armour
   204 | D        | Reached XP level 7. HP: 71/72 MP: 6/6
   212 | D        | Killed a troll
   213 | D        | Reached skill level 14 in Polearms
   251 | D        | Noticed a green ugly thing
   251 | D        | Noticed a boulder beetle
   251 | D        | Noticed a wraith
   251 | D        | Noticed a tengu warrior
   251 | D        | Noticed a centaur warrior
   256 | D        | Killed an unseen horror
   257 | D        | Reached XP level 8. HP: 54/82 MP: 7/7
   268 | D        | Killed a centaur warrior
   269 | D        | Reached skill level 16 in Polearms
   272 | D        | Killed a tengu warrior
   273 | D        | Reached skill level 17 in Polearms
   273 | D        | Reached XP level 9. HP: 26/92 MP: 8/8
   280 | D        | HP: 3/92 [boulder beetle (16)]
   285 | D        | Killed a boulder beetle
   289 | D        | Killed a green ugly thing
   290 | D        | Reached skill level 18 in Polearms
   602 | D        | Noticed a cane toad
   602 | D        | Noticed a komodo dragon
   602 | D        | Noticed a cane toad
   602 | D        | Noticed a cane toad
   612 | D        | Killed a cane toad
   615 | D        | Noticed a cane toad
   618 | D        | Killed a cane toad
   619 | D        | Reached skill level 19 in Polearms
   626 | D        | Killed a komodo dragon
   627 | D        | Reached XP level 10. HP: 58/104 MP: 9/9
   632 | D        | Killed a cane toad
   653 | D        | Killed a cane toad
   654 | D        | Reached skill level 15 in Fighting
   654 | D        | Reached skill level 20 in Polearms
   654 | D        | Reached skill level 15 in Armour
   805 | D        | Noticed a skyshark
   828 | D        | Killed a skyshark
   831 | D        | Reached skill level 21 in Polearms
   994 | D        | Noticed Maurice
  1006 | D        | Noticed Eustachio
  1022 | D        | Killed Maurice
  1023 | D        | Reached XP level 11. HP: 114/115 MP: 10/10
  1033 | D        | Killed Eustachio
  1034 | D        | Reached skill level 22 in Polearms
  1219 | D        | Noticed an orc knight
  1219 | D        | Noticed an orc knight
  1222 | D        | Noticed an orc knight
  1230 | D        | Killed an orc knight
  1244 | D        | Killed an orc knight
  1252 | D        | Killed an orc knight
  1253 | D        | Noticed an orc knight
  1266 | D        | Noticed an orc knight
  1278 | D        | Mangled by an orc knight

Illustrated notes

Levels and vault maps discovered:
D:        linesprint [early_d, line_temple, items_1, d_10, items_2, lair_1,
          lair_end, items_3, orc_1, orc_end, items_4, d_15, swamp_1, shoals_1,
          snake_1, spider_1, d_20, vaults_1, items_5, swamp_end, shoals_end,
          snake_end, spider_end, vaults_end, d_27, items_6, zot_1, zot_end,
          crypt_end, forest_end, elf_end, slime_end, tomb_end, abyss_end,
          pan_hell_end]

Skill      XL: |  1  2  3  4  5  6  7  8  9 10 11 |
---------------+----------------------------------+-----
Polearms       | 4 6 8 9 10 13 14 17 19 21 22 | 22.9
Fighting       | 4 5 6 7 8 10 11 12 14 16 17 | 17.1
Armour         | 4 5 6 7 8 10 11 12 14 16 17 | 17.1
Shields        | |  3.6

Action                     |  1- 3 |  4- 6 |  7- 9 | 10-12 || total
---------------------------+-------+-------+-------+-------++-------
  Melee: Trident           |    21 |    22 |       |       ||    43
         Headbutt          |     6 |     5 |    11 |    34 ||    56
         Halberd           |       |     9 |    64 |   185 ||   258
    Use: Potion            |       |       |     7 |     5 ||    12
   Stab: Distracted        |       |       |     1 |     2 ||     3
 Armour: Scale mail        |     4 |    13 |     1 |       ||    18
         Plate armour      |       |       |    41 |    63 ||   104
  Dodge: Dodged            |     6 |    14 |    20 |    44 ||    84
  Block: Buckler           |     5 |       |       |       ||     5
